 Dungeon Crawl Stone Soup version 0.25-a0-292-gaa31f046c4 (webtiles) character file.

Game seed: 9494473371020103878, levelgen mode: deterministic

1580 MoonlitKnight the Covert (level 8, -1/62 HPs)
             Began as a Vampire Gladiator on Dec 15, 2019.
             Was an Initiate of Yredelemnul.
             Slain by a wight
             ... wielding a +5 great sword of freezing
              (3 damage)
             ... on level 7 of the Dungeon.
             The game lasted 00:09:37 (5156 turns).

MoonlitKnight the Covert (Vampire Gladiator)        Turns: 5156, Time: 00:09:37

Health: -1/62      AC:  6    Str: 14    XL:     8   Next: 60%
Magic:  8/8        EV: 12    Int: 10    God:    Yredelemnul [......]
Gold:   332        SH:  0    Dex: 17    Spells: 7/7 levels left

rFire    . . .     SeeInvis +   m - +2 rapier (freeze)
rCold    . . .     Gourm    .   (no shield)
rNeg     . . .     Faith    .   h - +0 ring mail
rPois    .         Spirit   .   c - +0 helmet
rElec    .         Reflect  .   (no cloak)
rCorr    .         Harm     .   (no gloves)
MR       .....                  (no boots)
Stlth    +++.......             (no amulet)
HPRegen  0.40/turn              i - ring of flight
MPRegen  0.11/turn              (no ring)

@: regenerating quickly, heavily drained
A: no food, fangs 3, see invisible, unbreathing
a: Exsanguinate, Renounce Religion, Evoke Flight


You were on level 7 of the Dungeon.
You worshipped Yredelemnul.
Yredelemnul was noncommittal.
You were alive.

You visited 2 branches of the dungeon, and saw 8 of its levels.

You collected 332 gold pieces.

Inventory:

Hand Weapons
 a - a +0 rapier
 b - a +0 hunting sling of flaming
 m - a +2 rapier of freezing (weapon)
Missiles
 d - 3 throwing nets (quivered)
 k - 126 stones
 G - 6 poisoned darts
Armour
 c - a +0 helmet (worn)
 e - a +0 leather armour
 h - a +0 ring mail (worn)
Jewellery
 i - a ring of flight (left hand)
Wands
 q - a wand of flame (17)
 y - a wand of iceblast (5)
 A - a wand of paralysis (10)
 D - a wand of acid (11)
Scrolls
 l - 2 scrolls of teleportation {unknown}
 n - 4 scrolls of identify {unknown}
 p - 4 scrolls of remove curse
 t - a scroll of random uselessness {unknown}
 w - 2 scrolls of amnesia {unknown}
 x - a scroll of magic mapping {unknown}
 B - 2 scrolls of immolation {unknown}
 C - a scroll of noise {unknown}
 F - 2 scrolls of blinking {unknown}
Potions
 f - 2 potions of haste {unknown}
 g - a potion of ambrosia {unknown}
 j - 3 potions of mutation {unknown}
 o - 3 potions of might {unknown}
 r - a potion of resistance {unknown}
 s - a potion of brilliance {unknown}
 u - a potion of curing {unknown}
 v - a potion of degeneration {unknown}
 z - 2 potions of heal wounds {unknown}
 E - a potion of invisibility {unknown}
 H - a potion of flight {unknown}


   Skills:
 + Level 5.2(2.5) Fighting
 + Level 6.8(3.9) Short Blades
 - Level 1.5(0.0) Throwing
 + Level 6.7(3.9) Dodging
 + Level 8.4(5.4) Stealth


You had 7 spell levels left.
You didn't know any spells.
Your spell library contained the following spells:

 Spells                   Type           Power        Failure   Level  Hunger
 Beastly Appendage        Tmut           #.....       61%         1    N/A
 Magic Dart               Conj           #...         61%         1    N/A
 Blink                    Tloc           N/A          75%         2    N/A
 Call Imp                 Summ           #.......     75%         2    N/A
 Slow                     Hex            #.......     75%         2    N/A
 Sticks to Snakes         Tmut           #.......     75%         2    N/A
 Conjure Flame            Conj/Fire      #.......     93%         3    N/A
 Mephitic Cloud           Conj/Pois/Air  #.......     93%         3    N/A
 Spider Form              Tmut/Pois      #.........   93%         3    N/A
 Ice Form                 Ice/Tmut       #.......     100%        4    N/A
 Blade Hands              Tmut           #.........   100%        5    N/A

Dungeon Overview and Level Annotations

Branches:
Dungeon (7/15)             Temple (1/1) D:5

Altars:
Cheibriados
Dithmenos
Fedhas
Gozag
Kikubaaqudgha
Nemelex Xobeh
Qazlal
Sif Muna
Trog
Uskayaw
Wu Jian
Yredelemnul
Zin
The Shining One

Shops:
D:4 (   D:7 *


Innate Abilities, Weirdness & Mutations

You do not eat.
Your natural rate of healing is unusually fast.
You have razor-sharp teeth.
You have supernaturally acute eyesight. (SInv)
You can survive without breathing.


Message History

You puncture the wight! You freeze the wight.
The wight is severely damaged.
The wight closely misses you. x2
You barely miss the wight.
The wight is severely damaged.
The wight barely misses you.
Your ring mail prevents you from hitting the wight.
The wight is severely damaged.
The wight hits you with a +5 great sword of freezing!
* * * LOW HITPOINT WARNING * * *
You feel drained.
* * * LOW HITPOINT WARNING * * *
The wight freezes you.
* * * LOW HITPOINT WARNING * * *
The wight barely misses you.
The wight hits you with a +5 great sword of freezing!
* * * LOW HITPOINT WARNING * * *
You feel drained.
You die...
Yredelemnul claims you as an undead slave.

...............#.....#...########
...............###+###...#
............z...# ....#
............z...#####....#
####'########+#........###
............ +........#
............ #........#
............ #........#
........(... #.@......#
##.......... #zz......#
.#+############....[...##########
.......#..# #....#####......#.#..
.......#... #....#...#....#...#..
.......#.. #....#...#....#...'..
.......#.. #....'...#....#+###..
.......#.####....#...#####.....##
.......#.#_##....#.......#.....#


You could see 2 wights.

Vanquished Creatures
  A centaur zombie (D:5)
  A hippogriff (D:7)
  An ice beast (D:5)
  A phantom (D:7)
  2 ogres
  2 centaurs
  2 scorpions (D:6)
  3 wights (D:7)
  2 hounds
  A centaur skeleton (D:5)
  A bullfrog skeleton (D:5)
  2 orc wizards
  Robin (D:2)
  7 adders
  An ooze (D:2)
  5 worms
  A dart slug (D:1)
  A leopard gecko (D:7)
  11 orcs
  7 bats
  5 giant cockroaches
  15 goblins
  8 hobgoblins
  3 quokkas
  A ball python (D:4)
  A ball python skeleton (D:4)
  3 frilled lizards
  A jackal skeleton (D:7)
  9 kobolds
  A leopard gecko skeleton (D:4)
  A leopard gecko zombie (D:5)
  5 rats
106 creatures vanquished.

Notes
Turn   | Place    | Note
-------+----------+-------------------------------------------
     0 | D:1      | MoonlitKnight the Vampire Gladiator began the quest for the
                  | Orb.
     0 | D:1      | Reached XP level 1. HP: 16/16 MP: 1/1
    53 | D:1      | Reached skill level 1 in Stealth
    96 | D:1      | Reached XP level 2. HP: 22/22 MP: 2/2
   626 | D:2      | Reached skill level 2 in Stealth
   841 | D:2      | Reached XP level 3. HP: 25/27 MP: 3/3
   889 | D:2      | Noticed Robin
   921 | D:2      | Killed Robin
  1008 | D:2      | Reached XP level 4. HP: 32/34 MP: 4/4
  1041 | D:2      | Found a shadowy altar of Dithmenos.
  1553 | D:2      | Reached skill level 3 in Stealth
  1930 | D:3      | Found a stormy altar of Qazlal.
  2063 | D:3      | Reached XP level 5. HP: 34/40 MP: 5/5
  2543 | D:4      | Found a shadowy altar of Dithmenos.
  2626 | D:4      | Found an ancient bone altar of Kikubaaqudgha.
  2816 | D:4      | Found Zaegeuck's Antique Weapon Shoppe.
  2977 | D:4      | Found an ancient bone altar of Kikubaaqudgha.
  3112 | D:5      | Entered Level 5 of the Dungeon
  3140 | D:5      | Noticed an ogre
  3154 | D:5      | Killed an ogre
  3154 | D:5      | Reached skill level 4 in Stealth
  3179 | D:5      | Found an opulent altar of Gozag.
  3201 | D:5      | Reached XP level 6. HP: 47/47 MP: 6/6
  3220 | D:5      | Reached skill level 5 in Short Blades
  3220 | D:5      | Reached skill level 5 in Dodging
  3220 | D:5      | Reached skill level 5 in Stealth
  3220 | D:5      | Reached XP level 7. HP: 27/53 MP: 7/7
  3303 | D:5      | Reached skill level 6 in Stealth
  3349 | D:5      | Found a staircase to the Ecumenical Temple.
  3910 | D:5      | Found a glowing silver altar of Zin.
  3911 | D:5      | Found a bloodstained altar of Trog.
  4089 | Temple   | Entered the Ecumenical Temple
  4110 | Temple   | Became a worshipper of Yredelemnul the Dark
  4181 | D:6      | Reached skill level 7 in Stealth
  4201 | D:6      | Found a shimmering blue altar of Sif Muna.
  4373 | D:6      | Found a bloodstained altar of Trog.
  4487 | D:7      | Reached XP level 8. HP: 55/61 MP: 8/8
  4522 | D:7      | Found a blossoming altar of Fedhas.
  4528 | D:7      | Found a sparkling altar of Nemelex Xobeh.
  4581 | D:7      | Found Jadimuad's General Store.
  4691 | D:7      | Found a blossoming altar of Fedhas.
  4704 | D:7      | Noticed a hippogriff
  4717 | D:7      | Killed a hippogriff
  4717 | D:7      | Reached skill level 5 in Fighting
  4863 | D:7      | Reached skill level 8 in Stealth
  5156 | D:7      | HP: 2/62 [wight/+5 great sword of freezing (7)]
  5156 | D:7      | Slain by a wight

Levels and vault maps discovered:
D:1:      dpeg_arrival_tiny_c, layout_loops_ring
D:2:      layout_basic, minmay_misc_feat_plants, kennysheep_flooded_box,
          uniq_robin
D:3:      layout_loops_ring, lemuel_round_altar
D:4:      layout_loops_cross, lemuel_round_altar,
          nicolae_dithmenos_the_darkroom, serial_shops, shop_fountains,
          first_ration, kennysheep_pointless_box, lemuel_altar_in_water
D:5:      layout_basic, nicolae_gozag_cash_rules_everything_around_me,
          gammafunk_temple_overflow_statue, minmay_temple_entry_trees
D:6:      layout_rooms, kennysheep_mini_moat, basic_altar
D:7:      layout_gridville, overflow_temple_1_default, kennysheep_mini,
          serial_shops, kennysheep_little_box, fedhas_altar_1
Temple:   jpeg_temple_clearing

Skill      XL: |  1  2  3  4  5  6  7  8 |
---------------+-------------------------+-----
Stealth        | 1 2 3 4 5 7 8 |  8.4
Fighting       | 2 3 4 5 |  5.2
Short Blades   | 4 5 6 |  6.8
Dodging        | 4 5 6 |  6.7
Throwing       | |  1.5

Action                   |  1- 3 |  4- 6 |  7- 9 || total
-------------------------+-------+-------+-------++-------
Melee: Rapier            |   124 |   139 |   144 ||   407
       Bite              |    10 |    21 |    16 ||    47
  Use: Scroll            |       |     1 |       ||     1
 Stab: Sleeping          |       |     8 |     4 ||    12
       Distracted        |       |     1 |       ||     1
Armor: Leather armour    |    10 |       |       ||    10
       Ring mail         |    23 |    37 |    29 ||    89
Dodge: Dodged            |    70 |    70 |    85 ||   225

Table legend:
 A = Non-vault XP
 B = Vault XP
 C = Vault XP percentage of total XP
 D = Non-vault monster count
 E = Vault monster count
 F = Vault count percentage of total count
                 A         B        C        D         E       F
            +---------+---------+-------+---------+---------+-------
      Total |    2222 |      36 |   1.6 |      94 |      12 |  11.3
            +---------+---------+-------+---------+---------+-------
        D:1 |      28 |       0 |   0.0 |      17 |       0 |   0.0
        D:2 |      61 |      36 |  37.1 |      17 |      12 |  41.4
        D:3 |     100 |       0 |   0.0 |      24 |       0 |   0.0
        D:4 |      21 |       0 |   0.0 |       5 |       0 |   0.0
        D:5 |    1014 |       0 |   0.0 |      14 |       0 |   0.0
        D:6 |     144 |       0 |   0.0 |       4 |       0 |   0.0
        D:7 |     854 |       0 |   0.0 |      13 |       0 |   0.0
            +---------+---------+-------+---------+---------+-------
